[Event "Friday Night Double Round Robin 3m+1s Starts at 2200hrs ST NO LATE JOINS POSS"]
[Site "Infinity Chess"]
[Date "2018.1.20"]
[Round "24"]
[White "Gilgamesch"]
[Black "KULLANI"]
[Result "1/2-1/2"]
[ECO "C50"]
[WhiteElo "2543"]
[BlackElo "2418"]
[WhiteEngine "BrainFish_171005_x64_bmi2"]
[BlackEngine "BrainFish_180113_x64_CTG"]
[EventType "Round Robin"]
[WhiteTeam ""]
[BlackTeam ""]
[PlyCount "122"]
[TimeControl "180+1"]

1. e4 e5 2. Nf3 Nc6 3. Bc4 Bc5 4. O-O Nf6 5. d3 d6 6. c3 a5 7. Bg5 O-O 8. a4 h6 
9. Bh4 g5 10. Bg3 Kg7 11. Na3 Ne7 12. d4 exd4 13. e5 dxe5 14. Bxe5 Nc6 
15. cxd4 Nxe5 16. dxe5 Nh5 17. g3 Bh3 18. Re1 Bb4 19. Re4 Qxd1+ 20. Rxd1 Rad8 
21. Be2 Rxd1+ 22. Bxd1 f6 23. Rc4 c6 24. Nc2 Be7 25. Ne3 fxe5 26. Nxe5 Nf6 
27. g4 Rd8 28. Nf5+ Kf8 29. Bc2 Bd6 30. Ng6+ Ke8 31. Rc3 Bxg4 32. Nxh6 Bh5 
33. Re3+ Kd7 34. Nf7 Ra8 35. Bf5+ Kc7 36. Nxd6 Bxg6 37. Bxg6 Kxd6 38. Rg3 g4 
39. Bf5 Rg8 40. Re3 Rf8 41. Rg3 Rg8 42. Re3 Nd5 43. Re4 Rg5 44. Bc8 Rg8 
45. Bf5 Rg5 46. Bc8 b5 47. Rxg4 Rxg4+ 48. Bxg4 Nb6 49. axb5 cxb5 50. b3 Nd5 
51. Bd1 Nc3 52. Bc2 Ke5 53. Kg2 Kf4 54. Bd3 a4 55. bxa4 bxa4 56. Bc2 a3 
57. Bb3 Kf5 58. f3 Ne2 59. Kf2 Nd4 60. Bc4 Kf4 61. h4 Nxf3 1/2-1/2

[Event "Friday Night Double Round Robin 3m+1s Starts at 2200hrs ST NO LATE JOINS POSS"]
[Site "Infinity Chess"]
[Date "2018.1.20"]
[Round "24"]
[White "PAKtech"]
[Black "tris77"]
[Result "1/2-1/2"]
[ECO "B90"]
[WhiteElo "2465"]
[BlackElo "2459"]
[WhiteEngine "Raubfisch ME262_GTZ16b3._CTG"]
[BlackEngine "Raubfisch X37b_CTG"]
[EventType "Round Robin"]
[WhiteTeam ""]
[BlackTeam ""]
[PlyCount "47"]
[TimeControl "180+1"]

1. e4 c5 2. Nf3 d6 3. d4 cxd4 4. Nxd4 Nf6 5. Nc3 a6 6. Be3 e5 7. Nb3 Be6 
8. f3 Be7 9. Qd2 O-O 10. O-O-O Nbd7 11. g4 b5 12. g5 Nh5 13. Kb1 Nb6 14. Na5 Rc8 
15. a3 g6 16. Rg1 Qc7 17. Nd5 Nxd5 18. exd5 Bd7 19. c4 Nf4 20. Rc1 Qd8 
21. Nb7 Qc7 22. Na5 Qd8 23. Nb7 Qc7 24. Na5 1/2-1/2

[Event "Friday Night Double Round Robin 3m+1s Starts at 2200hrs ST NO LATE JOINS POSS"]
[Site "Infinity Chess"]
[Date "2018.1.20"]
[Round "24"]
[White "xeonrocks"]
[Black "Dovahkiin"]
[Result "1/2-1/2"]
[ECO "B90"]
[WhiteElo "2544"]
[BlackElo "2457"]
[WhiteEngine "asmFishW_CTG"]
[BlackEngine "corchess_x64_modern_CTG"]
[EventType "Round Robin"]
[WhiteTeam ""]
[BlackTeam ""]
[PlyCount "127"]
[TimeControl "180+1"]

1. e4 c5 2. Nf3 d6 3. d4 cxd4 4. Nxd4 Nf6 5. Nc3 a6 6. Be3 e5 7. Nf3 Be7 
8. Bc4 O-O 9. O-O Be6 10. Bxe6 fxe6 11. Na4 Ng4 12. Qd3 Nxe3 13. Qxe3 b5 
14. Nb6 Ra7 15. Nd5 Rb7 16. Qd2 Re8 17. Nxe7+ Qxe7 18. Rfd1 Rb6 19. a4 bxa4 
20. Rxa4 Rxb2 21. Rb4 Rxb4 22. Qxb4 Nc6 23. Qb6 Qd7 24. Qxa6 h6 25. c3 Rd8 
26. h3 Qc7 27. Qc4 Qd7 28. Qd3 Qe7 29. Qb5 Qc7 30. Qc4 Qd7 31. h4 Rf8 32. h5 Kh7 
33. Nh4 Ne7 34. Nf3 Nc6 35. Qa6 Rd8 36. Nh4 Ne7 37. Rb1 Rc8 38. c4 Qd8 
39. g3 Nc6 40. Rb7 Nd4 41. Ng6 Ra8 42. Rd7 Qb8 43. Qb7 Qxb7 44. Rxb7 Nf3+ 
45. Kg2 Nd2 46. f3 Nxc4 47. Rc7 Na3 48. Re7 Kg8 49. Kh3 Nc4 50. Rd7 Re8 
51. Kh2 d5 52. exd5 exd5 53. Rxd5 Kf7 54. Kg1 e4 55. Rf5+ Kg8 56. Kf2 Nd2 
57. Re5 Rxe5 58. Nxe5 Nxf3 59. Nxf3 exf3 60. g4 Kf7 61. Kxf3 Ke7 62. Kf4 Kf6 
63. g5+ hxg5+ 64. Kg4 1/2-1/2

[Event "Friday Night Double Round Robin 3m+1s Starts at 2200hrs ST NO LATE JOINS POSS"]
[Site "Infinity Chess"]
[Date "2018.1.20"]
[Round "24"]
[White "Victorious"]
[Black "star99"]
[Result "1/2-1/2"]
[ECO "B90"]
[WhiteElo "2521"]
[BlackElo "2449"]
[WhiteEngine "BugChess2.41_Release"]
[BlackEngine "Cryptic AIL V1"]
[EventType "Round Robin"]
[WhiteTeam ""]
[BlackTeam ""]
[PlyCount "95"]
[TimeControl "180+1"]

1. e4 c5 2. Nf3 d6 3. d4 cxd4 4. Nxd4 Nf6 5. Nc3 a6 6. Be3 e5 7. Nb3 Be7 
8. Be2 Be6 9. Qd3 Nc6 10. a3 Rc8 11. Nd5 O-O 12. Nb6 Rb8 13. Nd5 Bxd5 
14. exd5 e4 15. Qd2 Ne5 16. O-O Qc8 17. Rac1 b5 18. c4 bxc4 19. Na5 Qf5 
20. Bxc4 Nxc4 21. Rxc4 Qxd5 22. Qxd5 Nxd5 23. Nc6 Rb7 24. Rxe4 Bf6 25. Bd4 Rc8 
26. Bxf6 Nxf6 27. Rc4 Kf8 28. Rc2 Ng4 29. Rfc1 Ne5 30. Nxe5 Rxc2 31. Rxc2 dxe5 
32. g4 Rb5 33. b4 a5 34. Rb2 Ke7 35. f3 Kd6 36. Kf2 Kc6 37. Ke3 f6 38. h3 axb4 
39. Rxb4 Rc5 40. a4 g6 41. Ke4 Ra5 42. h4 Kd6 43. Rc4 Ke6 44. Rc6+ Kf7 
45. Rc7+ Ke6 46. Rc6+ Ke7 47. Rc7+ Ke6 48. Rc6+ 1/2-1/2

[Event "Friday Night Double Round Robin 3m+1s Starts at 2200hrs ST NO LATE JOINS POSS"]
[Site "Infinity Chess"]
[Date "2018.1.20"]
[Round "24"]
[White "MGR"]
[Black "sg13040"]
[Result "1/2-1/2"]
[ECO "C55"]
[WhiteElo "2540"]
[BlackElo "2483"]
[WhiteEngine "asmFishW_2017-11-19_bmi2"]
[BlackEngine "asmFishW_2018-01-14_popcnt"]
[EventType "Round Robin"]
[WhiteTeam ""]
[BlackTeam ""]
[PlyCount "93"]
[TimeControl "180+1"]

1. e4 e5 2. Nf3 Nc6 3. Bc4 Nf6 4. d3 Bc5 5. O-O a5 6. Bg5 h6 7. Bh4 d6 
8. Nbd2 g5 9. Bg3 Ba7 10. c3 O-O 11. Bb3 Be6 12. a4 Kg7 13. Nc4 Qd7 14. Re1 Rae8 
15. h3 g4 16. hxg4 Bxg4 17. Ne3 Kh7 18. Bh4 Bxe3 19. fxe3 Nh5 20. Rf1 Ne7 
21. Qe1 Ng6 22. Nh2 f5 23. Nxg4 fxg4 24. Rxf8 Rxf8 25. Bd1 Nxh4 26. Qxh4 Nf6 
27. Bb3 Kg7 28. Kh2 b5 29. Bd1 Rb8 30. b3 d5 31. exd5 Qxd5 32. Bxg4 Qxd3 
33. Bh3 Qxe3 34. Rf1 Qg5 35. Qe1 e4 36. Rf5 Ng4+ 37. Bxg4 Qxg4 38. Qg3 Qxg3+ 
39. Kxg3 bxa4 40. bxa4 Re8 41. Kf2 e3+ 42. Ke2 Re4 43. Rxa5 Rc4 44. g3 Rxc3 
45. Ra6 Ra3 46. a5 c5 47. g4 1/2-1/2

[Event "Friday Night Double Round Robin 3m+1s Starts at 2200hrs ST NO LATE JOINS POSS"]
[Site "Infinity Chess"]
[Date "2018.1.20"]
[Round "24"]
[White "BraveDevil"]
[Black "ocirema"]
[Result "1/2-1/2"]
[ECO "E10"]
[WhiteElo "2427"]
[BlackElo "2496"]
[WhiteEngine "Cryptic AIL V1"]
[BlackEngine "stockfish_18011309_x64_modern_CTG"]
[EventType "Round Robin"]
[WhiteTeam ""]
[BlackTeam ""]
[PlyCount "82"]
[TimeControl "180+1"]

1. d4 Nf6 2. c4 e6 3. Nf3 d5 4. Nc3 c6 5. Bg5 h6 6. Bh4 dxc4 7. e4 g5 8. Bg3 b5 
9. Ne5 Nbd7 10. Nxc6 Qb6 11. d5 Bb7 12. a4 a6 13. Be2 Bxc6 14. dxc6 Qxc6 
15. e5 Nd5 16. Nxd5 Qxd5 17. Qxd5 exd5 18. axb5 Bb4+ 19. Kd1 Ke7 20. bxa6 Nb8 
21. Kc2 Nxa6 22. Bf3 Rhd8 23. Rhd1 Bc5 24. Kb1 Nb4 25. Rxa8 Rxa8 26. Bxd5 Rd8 
27. Bf3 Rxd1+ 28. Bxd1 Bd4 29. Be2 Nd3 30. h4 Nxb2 31. Kc2 Ke6 32. f4 Nd3 
33. Bxd3 cxd3+ 34. Kxd3 gxf4 35. Kxd4 fxg3 36. Ke4 h5 37. Kf4 f6 38. exf6 Kxf6 
39. Ke3 Ke5 40. Kf3 Kf5 41. Kxg3 Ke4 1/2-1/2

[Event "Friday Night Double Round Robin 3m+1s Starts at 2200hrs ST NO LATE JOINS POSS"]
[Site "Infinity Chess"]
[Date "2018.1.20"]
[Round "23"]
[White "RonWeasley"]
[Black "BraveDevil"]
[Result "1-0 "]
[ECO "B95"]
[WhiteElo "2495"]
[BlackElo "2441"]
[WhiteEngine "BrainFish 130117_CTG"]
[BlackEngine "Cryptic AIL V1"]
[EventType "Round Robin"]
[WhiteTeam ""]
[BlackTeam ""]
[PlyCount "125"]
[TimeControl "180+1"]

1. e4 c5 2. Nf3 d6 3. d4 cxd4 4. Nxd4 Nf6 5. Nc3 a6 6. Bg5 e6 7. Qf3 Be7 
8. O-O-O Qc7 9. g4 b5 10. Bxf6 gxf6 11. Kb1 Nc6 12. Nxc6 Qxc6 13. Bd3 Bb7 
14. Qh3 O-O-O 15. Qh5 Rdf8 16. f4 b4 17. Ne2 Kb8 18. f5 Qc5 19. Nc1 a5 
20. Nb3 Qe5 21. fxe6 a4 22. Na5 fxe6 23. Nxb7 Kxb7 24. Rde1 Bd8 25. Bc4 f5 
26. exf5 Qd4 27. fxe6 Qxc4 28. e7 Rf2 29. exd8=N+ Kb6 30. Rc1 Rxd8 31. Qxh7 a3 
32. Rhd1 axb2 33. Kxb2 d5 34. Re1 Qxg4 35. Re7 Rb8 36. Kb1 Rf6 37. Ra7 Qc8 
38. Ra4 Kc6 39. Qd3 Rb6 40. Ra5 Qe6 41. Rd1 Rf5 42. h4 Kb7 43. Rxd5 Rxd5 
44. Qxd5+ Qxd5 45. Rxd5 Ra6 46. h5 Re6 47. Rd1 Rh6 48. Rh1 Kc6 49. Kb2 Kd5 
50. Kb3 Kc5 51. Rh4 Kb5 52. Rxb4+ Kc6 53. Rh4 Kc5 54. a4 Rb6+ 55. Ka3 Rh6 
56. a5 Kb5 57. a6 Rxa6+ 58. Kb3 Rh6 59. c4+ Kc5 60. Ka4 Kc6 61. Kb4 Kd6 
62. c5+ Kd5 63. Rh1 1-0

[Event "Friday Night Double Round Robin 3m+1s Starts at 2200hrs ST NO LATE JOINS POSS"]
[Site "Infinity Chess"]
[Date "2018.1.20"]
[Round "23"]
[White "ocirema"]
[Black "MGR"]
[Result "1/2-1/2"]
[ECO "C11"]
[WhiteElo "2494"]
[BlackElo "2542"]
[WhiteEngine "stockfish_18011309_x64_modern_CTG"]
[BlackEngine "asmFishW_2017-11-19_bmi2"]
[EventType "Round Robin"]
[WhiteTeam ""]
[BlackTeam ""]
[PlyCount "101"]
[TimeControl "180+1"]

1. e4 e6 2. d4 d5 3. Nc3 Nf6 4. e5 Nfd7 5. f4 c5 6. Nf3 Nc6 7. Be3 cxd4 
8. Nxd4 Qb6 9. Qd2 Qxb2 10. Rb1 Qa3 11. Bb5 Nxd4 12. Bxd4 a6 13. Bxd7+ Bxd7 
14. Rb3 Qe7 15. Rxb7 Rc8 16. O-O Qd8 17. Qe3 Rc4 18. Rfb1 Be7 19. f5 Bg5 
20. Qd3 O-O 21. Ne4 Bc8 22. Bb6 Be3+ 23. Qxe3 Qh4 24. Nf6+ gxf6 25. Rc7 exf5 
26. Rxc4 dxc4 27. exf6 Kh8 28. Bc7 Rg8 29. Bg3 Qg4 30. Qf4 Be6 31. c3 Qh5 
32. Rb8 h6 33. Kf2 Qg6 34. Rxg8+ Kxg8 35. Qe5 Bd7 36. Qd6 Be6 37. Qxa6 f4 
38. Bxf4 Qc2+ 39. Kg1 Qe4 40. Bd2 Qb1+ 41. Kf2 Qf5+ 42. Ke1 Qe4+ 43. Kd1 Qxg2 
44. Qd6 Qh1+ 45. Kc2 Qe4+ 46. Kc1 Qh1+ 47. Kb2 Qb7+ 48. Ka1 Qh1+ 49. Kb2 Qb7+ 
50. Ka1 Qh1+ 51. Kb2 1/2-1/2

[Event "Friday Night Double Round Robin 3m+1s Starts at 2200hrs ST NO LATE JOINS POSS"]
[Site "Infinity Chess"]
[Date "2018.1.20"]
[Round "23"]
[White "sg13040"]
[Black "Victorious"]
[Result "1/2-1/2"]
[ECO "C53"]
[WhiteElo "2478"]
[BlackElo "2523"]
[WhiteEngine "asmFishW_2018-01-14_popcnt"]
[BlackEngine "BugChess2.41_Release"]
[EventType "Round Robin"]
[WhiteTeam ""]
[BlackTeam ""]
[PlyCount "73"]
[TimeControl "180+1"]

1. e4 e5 2. Nf3 Nc6 3. Bc4 Bc5 4. c3 Nf6 5. d4 exd4 6. e5 d5 7. Bb5 Ne4 
8. cxd4 Bb6 9. O-O Bg4 10. a4 a5 11. Nc3 O-O 12. Bxc6 bxc6 13. h3 Bxf3 
14. Qxf3 Bxd4 15. Nxe4 dxe4 16. Qxe4 Re8 17. Qxc6 Rb8 18. Bd2 Rb6 19. Qf3 Rxe5 
20. Rad1 Rd6 21. Bf4 Rf5 22. g4 Rff6 23. Qe4 Rxf4 24. Qxf4 Bxf2+ 25. Qxf2 Rxd1 
26. Qxf7+ Kh8 27. Qf3 Rxf1+ 28. Kxf1 h6 29. b3 Qd2 30. Qf8+ Kh7 31. Qf5+ Kg8 
32. Qe6+ Kh7 33. Qe4+ Kg8 34. Qc4+ Kh7 35. Qe4+ Kg8 36. Qc4+ Kh7 37. Qe4+ 
1/2-1/2

[Event "Friday Night Double Round Robin 3m+1s Starts at 2200hrs ST NO LATE JOINS POSS"]
[Site "Infinity Chess"]
[Date "2018.1.20"]
[Round "23"]
[White "star99"]
[Black "Gilgamesch"]
[Result "1/2-1/2"]
[ECO "D31"]
[WhiteElo "2445"]
[BlackElo "2547"]
[WhiteEngine "Cryptic AIL V1"]
[BlackEngine "BrainFish_171005_x64_bmi2"]
[EventType "Round Robin"]
[WhiteTeam ""]
[BlackTeam ""]
[PlyCount "78"]
[TimeControl "180+1"]

1. d4 d5 2. c4 e6 3. Nc3 c6 4. e4 dxe4 5. Nxe4 Bb4+ 6. Bd2 Qxd4 7. Bxb4 Qxe4+ 
8. Be2 Na6 9. Ba5 b6 10. Qd6 Bd7 11. Bc3 f6 12. O-O-O O-O-O 13. Qa3 Kb7 
14. Bf3 Qf4+ 15. Rd2 Qc7 16. Ne2 e5 17. Rhd1 Nh6 18. Ng3 Bg4 19. Bxg4 Nxg4 
20. Ne4 Rxd2 21. Rxd2 Rd8 22. c5 Rxd2 23. Bxd2 Nxc5 24. Nxc5+ bxc5 25. Qxc5 Nxh2 
26. Be3 Kc8 27. Qc4 Qd7 28. f3 Qd5 29. Qa6+ Kd8 30. Bxa7 e4 31. fxe4 Qxe4 
32. Bb6+ Ke8 33. Qc8+ Kf7 34. Qc7+ Kg6 35. Qxh2 Qc4+ 36. Kb1 Qd3+ 37. Kc1 Qc4+ 
38. Kb1 Qd3+ 39. Kc1 Qc4+ 1/2-1/2

[Event "Friday Night Double Round Robin 3m+1s Starts at 2200hrs ST NO LATE JOINS POSS"]
[Site "Infinity Chess"]
[Date "2018.1.20"]
[Round "23"]
[White "KULLANI"]
[Black "xeonrocks"]
[Result "0-1 "]
[ECO "C55"]
[WhiteElo "2430"]
[BlackElo "2532"]
[WhiteEngine "BrainFish_180113_x64_CTG"]
[BlackEngine "asmFishW_CTG"]
[EventType "Round Robin"]
[WhiteTeam ""]
[BlackTeam ""]
[PlyCount "62"]
[TimeControl "180+1"]

1. e4 e5 2. Nf3 Nc6 3. Bc4 Nf6 4. d3 Bc5 5. c3 a5 6. O-O d6 7. Bg5 O-O 8. a4 h6 
9. Bh4 g5 10. Bg3 Kg7 11. Nbd2 Ba7 12. h3 Nh5 13. Bh2 g4 14. hxg4 Bxg4 
15. Qb3 Rb8 16. Rae1 Qf6 17. Kh1 Kh8 18. d4 Qg7 19. Nh4 exd4 20. cxd4 Nxd4 
21. Qc3 Nc6 22. Nf5 Qxc3 23. bxc3 Nf6 24. Bf4 Ne5 25. Bxh6 Rg8 26. Ne7 Rge8 
27. Nd5 Nxd5 28. Bxd5 Bd7 29. Be3 Bxe3 30. Rxe3 b5 31. axb5 Rxb5 0-1

[Event "Friday Night Double Round Robin 3m+1s Starts at 2200hrs ST NO LATE JOINS POSS"]
[Site "Infinity Chess"]
[Date "2018.1.20"]
[Round "23"]
[White "Dovahkiin"]
[Black "PAKtech"]
[Result "1/2-1/2"]
[ECO ""]
[WhiteElo "2457"]
[BlackElo "2465"]
[WhiteEngine "corchess_x64_modern_CTG"]
[BlackEngine "Raubfisch ME262_GTZ16b3._CTG"]
[EventType "Round Robin"]
[WhiteTeam ""]
[BlackTeam ""]
[PlyCount "25"]
[TimeControl "180+1"]

1. e3 d5 2. d3 e5 3. d4 Nc6 4. Nf3 e4 5. Nfd2 f5 6. c4 Nf6 7. Nc3 Be6 
8. cxd5 Nxd5 9. Qb3 Na5 10. Qa4+ Nc6 11. Qb3 Na5 12. Qa4+ Nc6 13. Qb3 1/2-1/2

[Event "Friday Night Double Round Robin 3m+1s Starts at 2200hrs ST NO LATE JOINS POSS"]
[Site "Infinity Chess"]
[Date "2018.1.20"]
[Round "23"]
[White "tris77"]
[Black "OlivierEvan"]
[Result "1/2-1/2"]
[ECO "B33"]
[WhiteElo "2462"]
[BlackElo "2397"]
[WhiteEngine "Raubfisch X37b_CTG"]
[BlackEngine "Houdini 6"]
[EventType "Round Robin"]
[WhiteTeam ""]
[BlackTeam ""]
[PlyCount "144"]
[TimeControl "180+1"]

1. e4 c5 2. Nf3 Nc6 3. d4 cxd4 4. Nxd4 Nf6 5. Nc3 e5 6. Ndb5 d6 7. Bg5 a6 
8. Na3 b5 9. Nd5 Be7 10. Bxf6 Bxf6 11. c3 Ne7 12. Nxf6+ gxf6 13. Bd3 d5 
14. O-O Bb7 15. Qf3 f5 16. Rad1 Qb6 17. exd5 e4 18. Bxe4 fxe4 19. Qxe4 Qg6 
20. Qe3 Rg8 21. g3 Kf8 22. c4 Qf6 23. b3 Nf5 24. Qf4 Rg6 25. Rfe1 Rc8 
26. Re5 Nd6 27. Qd4 h6 28. Rc1 Kg7 29. Rce1 bxc4 30. bxc4 Rc7 31. Qb6 Rxc4 
32. Nxc4 Nxc4 33. Qxf6+ Rxf6 34. R5e4 Nb6 35. Rg4+ Kf8 36. Rd4 Bxd5 37. Red1 Be6 
38. Rd6 Nc4 39. Rxa6 Rf3 40. Ra1 Rd3 41. a4 Nd2 42. Rb6 Nb3 43. Rb1 Kg7 
44. h4 Nd2 45. Ra1 Bd5 46. Rb4 h5 47. Rf4 f6 48. Kh2 Nb3 49. Ra3 Rd1 50. f3 Nd4 
51. Kg2 Rd2+ 52. Kf1 Ne2 53. Rb4 Nxg3+ 54. Ke1 Re2+ 55. Kd1 Rh2 56. a5 Rh1+ 
57. Kc2 Nf5 58. a6 Rxh4 59. Rxh4 Nxh4 60. Kd1 Nxf3 61. Ra5 Be4 62. Rxh5 f5 
63. a7 Nd4 64. Rh4 Bf3+ 65. Kc1 Nb5 66. Ra4 Kf6 67. Kc2 Ke7 68. Kb3 Kf6 
69. a8=Q Bxa8 70. Rxa8 Nd6 71. Kc2 Ke5 72. Ra1 Ne4 1/2-1/2

[Event "Friday Night Double Round Robin 3m+1s Starts at 2200hrs ST NO LATE JOINS POSS"]
[Site "Infinity Chess"]
[Date "2018.1.20"]
[Round "22"]
[White "tris77"]
[Black "Dovahkiin"]
[Result "1/2-1/2"]
[ECO "B90"]
[WhiteElo "2462"]
[BlackElo "2457"]
[WhiteEngine "Raubfisch X37b_CTG"]
[BlackEngine "corchess_x64_modern_CTG"]
[EventType "Round Robin"]
[WhiteTeam ""]
[BlackTeam ""]
[PlyCount "124"]
[TimeControl "180+1"]

1. e4 c5 2. Nf3 d6 3. d4 cxd4 4. Nxd4 Nf6 5. Nc3 a6 6. Be3 e5 7. Nb3 Be6 
8. f3 h5 9. Qd2 Nbd7 10. Nd5 Bxd5 11. exd5 g6 12. Na5 Bg7 13. Nxb7 Qb8 
14. Na5 Qxb2 15. Rd1 e4 16. Bd4 Qb8 17. Be2 Qc7 18. O-O O-O 19. Nc6 Rfe8 
20. c4 exf3 21. Bxf3 Ne4 22. Qf4 f5 23. Bxe4 Rxe4 24. Qg3 Rg4 25. Qc3 Bxd4+ 
26. Nxd4 Re4 27. Ne6 Qa7+ 28. Kh1 Nf8 29. Nxf8 Rxf8 30. Qg3 Kh7 31. Qxd6 Rc8 
32. h3 Rcxc4 33. Rb1 a5 34. Rfd1 f4 35. Qf8 Qe7 36. Qxe7+ Rxe7 37. d6 Rd7 
38. Rb5 a4 39. Rbd5 Kg7 40. R5d4 Rxd4 41. Rxd4 g5 42. h4 Kf6 43. hxg5+ Kxg5 
44. Kh2 Kf5 45. Kg1 a3 46. Kf2 Ke5 47. Rd3 Rxd6 48. Rxa3 Rd2+ 49. Kf3 h4 
50. Ra5+ Kf6 51. Ra6+ Ke5 52. Ra8 Rd3+ 53. Kf2 Rd2+ 54. Kf3 h3 55. Re8+ Kf5 
56. Rf8+ Ke5 57. Re8+ Kf5 58. gxh3 Rd3+ 59. Kf2 Rxh3 60. Rf8+ Ke4 61. Re8+ Kd5 
62. Rd8+ Ke4 1/2-1/2

[Event "Friday Night Double Round Robin 3m+1s Starts at 2200hrs ST NO LATE JOINS POSS"]
[Site "Infinity Chess"]
[Date "2018.1.20"]
[Round "22"]
[White "PAKtech"]
[Black "KULLANI"]
[Result "1-0"]
[ECO "C50"]
[WhiteElo "2449"]
[BlackElo "2446"]
[WhiteEngine "Raubfisch ME262_GTZ16b3._CTG"]
[BlackEngine "BrainFish_180113_x64_CTG"]
[EventType "Round Robin"]
[WhiteTeam ""]
[BlackTeam ""]
[PlyCount "253"]
[TimeControl "180+1"]

1. e4 e5 2. Nf3 Nc6 3. Bc4 Bc5 4. O-O Nf6 5. d3 O-O 6. c3 d5 7. exd5 Nxd5 
8. a4 a6 9. Nbd2 Kh8 10. Ne4 Ba7 11. Re1 f6 12. b4 Bf5 13. Bd2 Qd7 14. h3 Rad8 
15. b5 Na5 16. Ba2 axb5 17. axb5 Bb6 18. Bb1 Qxb5 19. c4 Nxc4 20. dxc4 Qxc4 
21. Ng3 Bxb1 22. Qxb1 Ra8 23. Qf5 Rxa1 24. Rxa1 Ne7 25. Qd7 Nc6 26. Nf5 Qg8 
27. Qd3 Rd8 28. Qe4 Qd5 29. Qg4 Qd7 30. Rb1 g6 31. Ng3 Kg7 32. Qh4 h5 
33. Kh2 Qe6 34. Ne4 Rf8 35. Rc1 Qd5 36. Ra1 Qe6 37. Rc1 Qd5 38. Re1 Qd3 
39. Be3 Bxe3 40. Rxe3 Qd5 41. Qg3 Ne7 42. Nh4 Qd4 43. f4 exf4 44. Qxf4 Rf7 
45. Qg3 Qb6 46. Rc3 Qe6 47. Nc5 Qc6 48. Nb3 Qd6 49. Qxd6 cxd6 50. Rd3 g5 
51. Nf3 Nf5 52. Nfd4 Nxd4 53. Rxd4 b5 54. Rxd6 Rb7 55. Nc5 Rb8 56. Rd4 h4 
57. Rb4 Rb6 58. Nb3 Rd6 59. Rxb5 Kf7 60. Rb4 Rd1 61. Nd4 Kg6 62. Nf3 Rd6 
63. Rg4 Kf7 64. Rb4 Rd3 65. Rb5 Rd1 66. Rb6 Ke7 67. Rb2 Rd3 68. Kg1 Rd1+ 
69. Kf2 Kf7 70. Nh2 Ra1 71. Nf1 Kg6 72. Rb6 Ra2+ 73. Kg1 Kf7 74. Ne3 Ra1+ 
75. Kh2 Ra5 76. Ng4 f5 77. Ne3 Kg7 78. Rb3 Kg6 79. Rd3 Re5 80. Kg1 Re6 
81. Kf2 Re4 82. Rd6+ Kf7 83. Rd5 Kg6 84. Rxf5 Rb4 85. Rc5 Rf4+ 86. Kg1 Rb4 
87. Ng4 Ra4 88. Ne5+ Kf6 89. Nd7+ Ke6 90. Rxg5 Kxd7 91. Rg4 Ra1+ 92. Kh2 Rf1 
93. Rxh4 Ke6 94. Rh7 Rb1 95. Rh6+ Kf7 96. Rh5 Rb2 97. h4 Ke6 98. Kh3 Rb1 
99. Rc5 Rb3+ 100. g3 Rb1 101. h5 Kf6 102. Kh4 Rg1 103. Rb5 Rh1+ 104. Kg4 Ra1 
105. Rb6+ Kg7 106. h6+ Kh7 107. Kg5 Ra5+ 108. Kh4 Rc5 109. g4 Ra5 110. g5 Ra3 
111. Rb7+ Kg6 112. Rg7+ Kf5 113. h7 Ra1 114. g6 Rg1 115. Rg8 Rh1+ 116. Kg3 Kf6 
117. h8=Q+ Rxh8 118. Rxh8 Kxg6 119. Rf8 Kh7 120. Rf1 Kg7 121. Kh4 Kg6 
122. Kg4 Kh6 123. Kf5 Kg7 124. Kg5 Kh8 125. Kh6 Kg8 126. Kg6 Kh8 127. Rf8# 1-0

[Event "Friday Night Double Round Robin 3m+1s Starts at 2200hrs ST NO LATE JOINS POSS"]
[Site "Infinity Chess"]
[Date "2018.1.20"]
[Round "22"]
[White "xeonrocks"]
[Black "star99"]
[Result "1/2-1/2"]
[ECO "B90"]
[WhiteElo "2536"]
[BlackElo "2441"]
[WhiteEngine "asmFishW_CTG"]
[BlackEngine "Cryptic AIL V1"]
[EventType "Round Robin"]
[WhiteTeam ""]
[BlackTeam ""]
[PlyCount "240"]
[TimeControl "180+1"]

1. e4 c5 2. Nf3 d6 3. d4 cxd4 4. Nxd4 Nf6 5. Nc3 a6 6. Be3 e5 7. Nf3 Be7 
8. Bc4 O-O 9. O-O Be6 10. Bxe6 fxe6 11. Na4 Ng4 12. Qd3 b5 13. Nb6 Nxe3 
14. Qxe3 Ra7 15. Nd5 Rb7 16. Qd2 Nd7 17. Rad1 Bh4 18. Nxh4 Qxh4 19. f3 Rc8 
20. g3 Qd8 21. Ne3 Qg5 22. b3 Nc5 23. Rf2 Rb6 24. a4 Qe7 25. Ra1 Qb7 26. a5 Rbc6 
27. b4 Nd7 28. Ra3 Nf6 29. Rd3 Qc7 30. Rf1 h5 31. h4 Qa7 32. Rf2 d5 
33. exd5 exd5 34. Nxd5 Rxc2 35. Nxf6+ gxf6 36. Rd7 Rxd2 37. Rxa7 Rd6 
38. Kf1 Rc1+ 39. Kg2 Rc3 40. Kf1 Rd4 41. f4 exf4 42. Rxf4 Rxf4+ 43. gxf4 Rf3+ 
44. Kg2 Rxf4 45. Rxa6 Kg7 46. Rb6 Rxb4 47. a6 Ra4 48. Rxb5 Kg6 49. Rb6 Rxh4 
50. a7 Ra4 51. a8=Q Rxa8 52. Kh3 Kg5 53. Rb5+ f5 54. Rb7 Re8 55. Rg7+ Kf4 
56. Rg1 Re2 57. Rf1+ Kg5 58. Rg1+ Kf6 59. Ra1 Re4 60. Kg2 Kg5 61. Ra8 Re2+ 
62. Kh3 Re3+ 63. Kg2 Re6 64. Ra3 Re2+ 65. Kf3 Re8 66. Ra2 h4 67. Rg2+ Kf6 
68. Ra2 Rg8 69. Ra5 h3 70. Ra6+ Kg5 71. Kg3 Rh8 72. Kh2 f4 73. Ra1 Kf5 
74. Rb1 Rh6 75. Ra1 Rh8 76. Rb1 Rh4 77. Ra1 Kg4 78. Rb1 Kf3 79. Ra1 Kf2 
80. Rb1 Rh8 81. Ra1 Rh6 82. Rb1 Ke2 83. Ra1 Kd2 84. Ra2+ Ke3 85. Ra1 Rh8 
86. Rb1 Rh4 87. Ra1 Rh6 88. Rb1 Rh4 89. Ra1 Rh6 90. Rb1 Rh7 91. Ra1 Ke2 
92. Rb1 Rh4 93. Rb2+ Ke3 94. Rb1 Rh7 95. Rb3+ Ke4 96. Ra3 Rh8 97. Ra4+ Kf3 
98. Ra1 Re8 99. Ra6 Re7 100. Rb6 Re8 101. Ra6 Rd8 102. Ra7 Rh8 103. Ra6 Rd8 
104. Ra7 Rd6 105. Rb7 Rd1 106. Rb6 Rc1 107. Rb8 Ra1 108. Rb6 Ra7 109. Rb8 Ra1 
110. Rb6 Ra8 111. Rh6 Ke2 112. Rb6 Kf3 113. Rf6 Rc8 114. Rh6 Kf2 115. Ra6 Kf3 
116. Ra7 Rc5 117. Rh7 Ra5 118. Rc7 Ra1 119. Rc8 Kf2 120. Rc2+ Kf3 1/2-1/2

[Event "Friday Night Double Round Robin 3m+1s Starts at 2200hrs ST NO LATE JOINS POSS"]
[Site "Infinity Chess"]
[Date "2018.1.20"]
[Round "22"]
[White "Gilgamesch"]
[Black "sg13040"]
[Result "1/2-1/2"]
[ECO "C55"]
[WhiteElo "2550"]
[BlackElo "2466"]
[WhiteEngine "BrainFish_171005_x64_bmi2"]
[BlackEngine "asmFishW_2018-01-14_popcnt"]
[EventType "Round Robin"]
[WhiteTeam ""]
[BlackTeam ""]
[PlyCount "25"]
[TimeControl "180+1"]

1. e4 e5 2. Nf3 Nc6 3. Bc4 Nf6 4. d3 Bc5 5. Nbd2 O-O 6. Bb3 h6 7. c3 d6 8. a4 a5 
9. O-O Ne7 10. Nh4 Nc6 11. Nhf3 Ne7 12. Nh4 Nc6 13. Nhf3 1/2-1/2

[Event "Friday Night Double Round Robin 3m+1s Starts at 2200hrs ST NO LATE JOINS POSS"]
[Site "Infinity Chess"]
[Date "2018.1.20"]
[Round "22"]
[White "Victorious"]
[Black "ocirema"]
[Result "0-1"]
[ECO "A05"]
[WhiteElo "2542"]
[BlackElo "2475"]
[WhiteEngine "BugChess2.41_Release"]
[BlackEngine "stockfish_18011309_x64_modern_CTG"]
[EventType "Round Robin"]
[WhiteTeam ""]
[BlackTeam ""]
[PlyCount "170"]
[TimeControl "180+1"]

1. Nf3 Nf6 2. d4 d5 3. e3 c5 4. Nbd2 e6 5. c3 b6 6. Bb5+ Nbd7 7. e4 dxe4 
8. Nxe4 Nxe4 9. Bc6 Rb8 10. Bxe4 Qc7 11. O-O Bd6 12. Bg5 h6 13. Bh4 f5 
14. Bc2 g5 15. d5 Nf6 16. dxe6 gxh4 17. Bxf5 Bb7 18. Re1 O-O 19. e7 Bxe7 
20. Nxh4 Rbd8 21. Qe2 Bd6 22. Be6+ Kg7 23. g3 c4 24. b4 Qc6 25. f3 Nh7 
26. Bh3 Rfe8 27. Qc2 Bf8 28. Bg2 b5 29. Nf5+ Kg8 30. Rxe8 Qxe8 31. Rd1 Ng5 
32. Kf2 Rxd1 33. Qxd1 Qe5 34. Qc2 Qd5 35. Ne3 Qd7 36. a3 Nf7 37. f4 Bxg2 
38. Kxg2 Bg7 39. Kf3 Qc6+ 40. Qe4 Qxe4+ 41. Kxe4 Bxc3 42. Nc2 a6 43. Kd5 Kg7 
44. a4 bxa4 45. Kxc4 Bb2 46. Ne1 Kf6 47. g4 Nd6+ 48. Kd3 Ba3 49. h4 Bxb4 
50. Nc2 a5 51. Ne3 Ke6 52. Kc2 Bc5 53. Nd1 Nb5 54. Nb2 a3 55. Nd3 Bd6 
56. f5+ Kf6 57. Ne1 Ke5 58. Nd3+ Ke4 59. Nc1 Kf4 60. f6 Kxg4 61. f7 Kf5 
62. Nb3 a4 63. Na5 Kf6 64. Nc4 Kxf7 65. Kb1 Kg6 66. Nb6 Be5 67. Nc4 Bf6 
68. Ka2 h5 69. Nb6 Kf5 70. Nxa4 Nc3+ 71. Nxc3 Bxc3 72. Kxa3 Ke4 73. Kb3 Be1 
74. Kc2 Ke3 75. Kb3 Bxh4 76. Kc4 Bf2 77. Kc5 h4 78. Kb4 h3 79. Kc5 h2 
80. Kc4 h1=Q 81. Kc5 Qb7 82. Kc4 Be1 83. Kc5 Ke4 84. Kd6 Bb4+ 85. Ke6 Qe7# 0-1